 Dungeon Crawl Stone Soup version 0.24.1-8-ga250c9d538 (webtiles) character file.

Game seed: 14662100101484254224, levelgen mode: deterministic

578 nightchill the Cudgeler (level 7, -2/44 HPs)
             Began as a Gargoyle Earth Elementalist on Apr 27, 2020.
             Slain by a river rat (7 damage)
             ... on level 4 of the Dungeon.
             The game lasted 00:07:50 (3859 turns).

nightchill the Cudgeler (GrEE)                      Turns: 3859, Time: 00:07:50

Health: -2/44      AC:  9    Str: 14    XL:     7   Next: 36%
Magic:  10/10      EV: 10    Int: 20    God:
Gold:   128        SH:  0    Dex: 10    Spells: 7/10 levels left

rFire    . . .     SeeInvis .   j - +0 whip
rCold    . . .     Gourm    .   (no shield)
rNeg     + . .     Faith    .   u - +0 ring mail
rPois    ∞         Spirit   .   (no helmet)
rElec    +         Reflect  .   (no cloak)
rCorr    .         Harm     .   (no gloves)
MR       .....                  (no boots)
Stlth    +.........             (no amulet)
HPRegen  0.14/turn              (no ring)
MPRegen  0.12/turn              (no ring)

@: brilliant, flying, hasted, very quick
A: negative energy resistance 1, electricity resistance, unbreathing,
petrification resistance, rot immunity, AC +4
a: no special abilities


You were on level 4 of the Dungeon.
You were not hungry.

You visited 1 branch of the dungeon, and saw 4 of its levels.

You collected 128 gold pieces.

Inventory:

Hand Weapons
 e - a +0 dagger
 j - a +0 whip (weapon)
Missiles
 n - 3 javelins
 s - 11 poisoned darts (quivered)
 x - a boomerang
Armour
 k - a +0 shield
 u - a +0 ring mail (worn)
Scrolls
 a - 2 scrolls of remove curse {unknown}
 f - a scroll of immolation {unknown}
 g - 2 scrolls of teleportation {unknown}
 h - a scroll of fog {unknown}
 i - a scroll of amnesia {unknown}
 l - 7 scrolls of identify {unknown}
 m - a scroll of blinking {unknown}
 t - a scroll of noise {unknown}
 v - a scroll of magic mapping {unknown}
Potions
 o - a potion of agility {unknown}
 p - 2 potions of brilliance
 r - a potion of magic {unknown}
 w - a potion of curing {unknown}
Comestibles
 d - 6 rations
 z - 6 chunks of flesh


   Skills:
 + Level 4.7 Fighting
 * Level 5.8 Maces & Flails
 - Level 1.5 Dodging
 - Level 2.1 Stealth
 - Level 2.0 Spellcasting
 - Level 0.7 Transmutations
 - Level 4.1 Earth Magic


You had 7 spell levels left.
You knew the following spells:

 Your Spells              Type           Power        Failure   Level  Hunger
a - Sandblast             Erth           ####..       1%          1    #......
b - Passwall              Tmut/Erth      ###.....     2%          2    ##.....

Your spell library contained the following spells:

 Spells                   Type           Power        Failure   Level  Hunger
 Stone Arrow              Conj/Erth      ###...       4%          3    ###....
 Petrify                  Tmut/Erth      ###.....     13%         4    #####..
 Lee's Rapid Deconstruct  Erth           ####......   17%         5    ######.


Dungeon Overview and Level Annotations

Branches:
Dungeon (4/15)
 Temple: D:4-7

Altars:
Trog

Annotations:
D:2 exclusion: downstairs


Innate Abilities, Weirdness & Mutations

You are resistant to torment.
Your stone body is resilient. (AC +4)
You are immune to poison.
You resist negative energy. (rN+)
You are resistant to electric shocks. (rElec)
You can survive without breathing.
You are immune to petrification.
You are immune to rotting.


Message History

The river rat bites you.
* * * LOW HITPOINT WARNING * * *
The river rat bites you.
* * * LOW HITPOINT WARNING * * *
Casting: Sandblast (safe; 1% risk of failure)
Confirm with . or Enter, or press ? or * to list all spells.
Aiming: Passwall (safe; 2% risk of failure)
Press: ? - help, Dir - move target cursor, p - river rat
There is no adjacent passable wall in that direction.
A metal wall.
There is no adjacent passable wall in that direction.
Okay, then.
Unknown command.
It was a potion of haste.
You feel yourself speed up. The river rat barely misses you.
The river rat bites you.
* * * LOW HITPOINT WARNING * * *
It was a potion of flight.
You feel very buoyant.
You fly up into the air.
The river rat bites you!
You die...

#####
#...############
#...#≈≈≈#≈≈≈≈≈≈# .
#..≈#≈#≈#≈###### ...
#..≈#≈#≈#≈#≈≈≈≈# ....
#.≈≈≈≈#≈≈≈≈≈##≈#
....##..≈#≈#r########
........≈≈≈#@rw≈≈≈≈≈
#####....#≈#######≈#
#.# ##..≈≈≈# .?
######...≈≈# #.
#.......#.......
#.##.!.....#.......
#..#.......#.......
###.#...............
....................


You could see a worm and 2 river rats.

Vanquished Creatures
  Sigmund (D:3)
  Eustachio (D:3)
  A sky beast (D:2)
  A hound (D:3)
  An orc priest (D:3)
  A centaur skeleton (D:3)
  Jessica (D:2)
  An adder (D:2)
  4 worms
  6 dart slugs
  2 leopard geckos (D:3)
  4 orcs
  3 ball pythons
  2 giant cockroaches
  4 goblins
  6 hobgoblins
  A quokka (D:2)
  3 bats
  5 frilled lizards
  4 kobolds
  6 rats
58 creatures vanquished.

Notes
Turn   | Place    | Note
-------+----------+-------------------------------------------
     0 | D:1      | nightchill the Gargoyle Earth Elementalist began the quest
                  | for the Orb.
     0 | D:1      | Reached XP level 1. HP: 10/10 MP: 3/3
   205 | D:1      | Reached skill level 1 in Fighting
   235 | D:1      | Reached XP level 2. HP: 13/16 MP: 3/5
   294 | D:1      | Learned a level 2 spell: Passwall
   826 | D:2      | Found a faded altar of an unknown god.
   865 | D:2      | Reached skill level 1 in Maces & Flails
   865 | D:2      | Reached XP level 3. HP: 21/21 MP: 6/6
  1235 | D:2      | Found a bloodstained altar of Trog.
  1235 | D:2      | Noticed Jessica
  1239 | D:2      | Killed Jessica
  1239 | D:2      | Reached skill level 2 in Maces & Flails
  1239 | D:2      | Reached XP level 4. HP: 27/27 MP: 5/7
  2223 | D:3      | Reached skill level 3 in Maces & Flails
  2223 | D:3      | Reached XP level 5. HP: 16/31 MP: 4/8
  2800 | D:3      | Noticed Sigmund
  2809 | D:3      | Killed Sigmund
  2809 | D:3      | Reached skill level 4 in Maces & Flails
  2809 | D:3      | Reached XP level 6. HP: 14/38 MP: 0/9
  3167 | D:3      | Noticed a sky beast
  3328 | D:2      | Killed a sky beast
  3328 | D:2      | Reached skill level 5 in Maces & Flails
  3386 | D:3      | Reached XP level 7. HP: 42/43 MP: 8/10
  3563 | D:4      | Noticed Eustachio
  3713 | D:3      | Killed Eustachio
  3859 | D:4      | Slain by a river rat

Levels and vault maps discovered:
D:1:      dpeg_arrival_stonehenge_8_columns, layout_rooms
D:2:      layout_loops_ring, chequers_ecumenical_altar_simple_redux,
          serial_forest, infiniplex_forest_clump_long,
          infiniplex_forest_straight_2, infiniplex_forest_lined_3,
          infiniplex_forest_clump_small, infiniplex_forest_lined_ring,
          infiniplex_forest_clump_long, infiniplex_forest_side_room,
          trog_three_pillars_becter, uniq_jessica
D:3:      layout_rooms, first_ration, uniq_sigmund
D:4:      layout_basic, minmay_temple_entry_wispy, lightli_sewer_entry_pipes,
          serial_shops, shop, uniq_crazy_yiuf_cottage, uniq_eustachio,
          uniq_purgy, uniq_robin

Skill      XL: |  1  2  3  4  5  6 |
---------------+-------------------+-----
Fighting       | 1 2 3 4 |  4.7
Earth Magic    | 4 |  4.1
Maces & Flails | 1 2 3 4 5 |  5.8
Dodging        | |  1.5
Stealth        | |  2.1
Spellcasting   | |  2.0
Transmutations | |  0.7

Action                   |  1- 3 |  4- 6 |  7- 9 || total
-------------------------+-------+-------+-------++-------
Melee: Unarmed           |     8 |       |       ||     8
       Dagger            |    13 |       |       ||    13
       Whip              |    95 |    64 |    22 ||   181
Throw: Dart              |       |       |     5 ||     5
 Cast: Sandblast         |    19 |    37 |    19 ||    75
  Use: Potion            |       |       |     3 ||     3
 Stab: Sleeping          |     2 |     3 |       ||     5
  Eat: Chunk             |     2 |     6 |     3 ||    11
Armor: Robe              |    34 |     6 |       ||    40
       Leather armour    |       |     1 |       ||     1
       Ring mail         |       |    35 |    14 ||    49
Dodge: Dodged            |    78 |    67 |    24 ||   169
